 Dungeon Crawl Stone Soup version 0.29.1-15-g9cfb28693d (webtiles) character file.

Game seed: 10303563951936149895

4561 Descartes the Geomancer (level 10, 0/63 HPs)
             Began as a Formicid Earth Elementalist on May 1, 2023.
             Was an Initiate of Gozag.
             Killed by the air
             ... invoked by Gastronok
              (22 damage)
             ... on level 8 of the Dungeon.
             The game lasted 00:27:03 (9460 turns).

Descartes the Geomancer (FoEE)                      Turns: 9460, Time: 00:27:03

Health: 0/63       AC: 14    Str: 19    XL:     10   Next: 67%
Magic:  0/17       EV: 11    Int: 16    God:    Gozag
Gold:   526        SH:  6    Dex: 11    Spells: 9/19 levels left

rFire   + + +      SeeInvis +   F - +5 mace of Luxury {drain, rC+}
rCold   + . .      Faith    .   d - +0 buckler
rNeg    . . .      Spirit   .   S - +2 robe {Will+}
rPois   +          Reflect  .   (helmet unavailable)
rElec   .          Harm     .   y - +0 cloak
rCorr   .          Rampage  .   l - +0 pair of gloves
Will    ++...                   k - +1 pair of boots {Stlth+}
Stlth   +++.......              D - amulet of regeneration
HPRegen 1.00/turn               g - +4 ring of protection
MPRegen 0.15/turn               M - ring "Ulaynnubum" {rPois rF+++ Str+3 Dex-3 SInv}

@: very slightly contaminated
A: permanent stasis, dig shafts and tunnels, antennae 3, four strong arms
a: Dig, Shaft Self, Renounce Religion, Potion Petition, Call Merchant, Bribe
Branch


You were on level 8 of the Dungeon.
You worshipped Gozag.
Gozag was pleased with you.
You visited 2 branches of the dungeon, and saw 9 of its levels.

You collected 1313 gold pieces.
You paid 787 gold pieces to Gozag.

Inventory:

Hand Weapons
 z - a +1 dagger of flaming
 C - a +0 dire flail
 F - the +5 mace of Luxury (weapon) {drain, rC+}
   (You found it on level 5 of the Dungeon)

   A truly terrible weapon, it drains the life of any living foe it strikes.
   rC:        It protects you from cold.
 P - a +2 whip of electrocution
Missiles
 A - 3 javelins
 G - a throwing net
 L - 20 poisoned darts
Armour
 d - a +0 buckler (worn)
 k - a +1 pair of boots of stealth (worn)
 l - a +0 pair of gloves (worn)
 y - a +0 cloak (worn)
 R - a +3 leather armour of cold resistance
 S - a +2 robe of willpower (worn)
Jewellery
 g - a +4 ring of protection (left hand)
 j - an amulet of guardian spirit
 w - a ring of fire
 B - an amulet of reflection
 D - an amulet of regeneration (around neck)
 E - a ring of positive energy
 M - the ring "Ulaynnubum" (right hand) {rPois rF+++ Str+3 Dex-3 SInv}
   (You found it on level 5 of the Dungeon)

   [ring of poison resistance]

   Str:       It affects your strength (+3).
   Dex:       It affects your dexterity (-3).
   rF:        It renders you almost immune to fire.
   rPois:     It protects you from poison.
   SInv:      It lets you see invisible.
Wands
 t - a wand of polymorph (15)
 Q - a wand of mindburst (11)
 T - a wand of digging (7)
Scrolls
 a - 2 scrolls of immolation {unknown}
 c - 2 scrolls of amnesia {unknown}
 e - 2 scrolls of magic mapping {unknown}
 f - 3 scrolls of blinking {unknown}
 i - 2 scrolls of enchant weapon {unknown}
 n - a scroll of butterflies {unknown}
 o - 3 scrolls of noise {unknown}
 p - 3 scrolls of enchant armour {unknown}
 q - 10 scrolls of identify {unknown}
 r - a scroll of vulnerability {unknown}
 s - 5 scrolls of teleportation {unknown}
 O - a scroll of brand weapon {unknown}
 U - a scroll of poison {unknown}
Potions
 b - a potion of magic
 h - a potion of attraction {unknown}
 m - a potion of cancellation {unknown}
 u - 2 potions of brilliance
 v - 2 potions of curing
 x - a potion of lignification {unknown}
 H - 2 potions of heal wounds {unknown}
 I - 4 potions of might {unknown}
 J - a potion of flight {unknown}
 K - 3 potions of mutation {unknown}
 N - a potion of degeneration {unknown}


   Skills:
 + Level 9.4 Armour
 - Level 1.7 Dodging
 - Level 2.4 Stealth
 - Level 10.0 Shields
 - Level 5.0 Spellcasting
 + Level 0.0 Conjurations
 - Level 1.1 Transmutations
 + Level 10.0 Earth Magic
 + Level 3.0 Evocations


You had 9 spell levels left.
You knew the following spells:

 Your Spells              Type           Power      Damage    Failure   Level
a - Sandblast             Erth           72%        2d16      1%          1
b - Stone Arrow           Conj/Erth      40%        3d9       7%          3
c - Passwall              Tmut/Erth      17%        N/A       2%          2
d - Petrify               Tmut/Erth      21%        N/A       19%         4

Your spell library contained the following spells:

 Spells                   Type           Power      Damage    Failure   Level


Dungeon Overview and Level Annotations

Branches:
Dungeon (8/15)             Temple (1/1) D:7
   Lair: D:8-11

Altars:
Cheibriados
Dithmenos
Fedhas
Gozag
Hepliaklqana
Kikubaaqudgha
Makhleb
Nemelex Xobeh
Okawaru
Qazlal
Ru
Sif Muna
Trog
Uskayaw
Vehumet
Wu Jian
Xom
Zin
The Shining One

Annotations:
D:5 2 transporters
D:8 Gastronok


Innate Abilities, Weirdness & Mutations

You cannot be hasted, slowed, berserked, paralysed or teleported.
You can dig through walls and to a lower floor.
You have a pair of large antennae on your head. (SInv)
Your four strong arms can wield two-handed weapons with a shield.


Message History

Confirm with . or Enter, or press ? or * to list all spells.
Aiming: Sandblast (safe; 1% risk of failure)
Press: ? - help, Shift-Dir - straight line, f/p - Gastronok
Aim: Gastronok, wearing a +1 hat of willpower (heavily wounded, 100% to hit)
The blast of sand hits Gastronok!!
Gastronok is severely wounded.
Casting: Sandblast (safe; 1% risk of failure)
Confirm with . or Enter, or press ? or * to list all spells.
Aiming: Sandblast (safe; 1% risk of failure)
Press: ? - help, Shift-Dir - straight line, f/p - Gastronok
Aim: Gastronok, wearing a +1 hat of willpower (severely wounded, 100% to hit)
The blast of sand hits Gastronok!
Gastronok is severely wounded.
Gastronok gurgles, "Are you a wizard?
Wizards taste nice..."
Gastronok closely misses you.
You hit Gastronok. You drain Gastronok.
Gastronok is severely wounded.
Gastronok gurgles, "It's true, you are what you eat."
Gastronok bites you.
You barely miss Gastronok.
Gastronok is severely wounded.
Gastronok chants a spell, wobbling all the while.
Gastronok puts on a burst of speed!
You hit Gastronok.
Gastronok is severely wounded.
You completely miss Gastronok.
Gastronok is severely wounded.
Gastronok misses you.
You hit Gastronok. You drain Gastronok.
Gastronok is severely wounded.
Gastronok bites you!!
Unknown command.
Casting: Sandblast (safe; 1% risk of failure)
Confirm with . or Enter, or press ? or * to list all spells.
Aiming: Sandblast (safe; 1% risk of failure)
Press: ? - help, Shift-Dir - straight line, p - Gastronok Gastronok waves his eye-stalks in wide circles.
The air twists around and strikes you!!
You die...
Your body crumbles into a pile of gold.

........ .......
#.....# #.....#
#.....# +.....#
#.....##+##
#####.........#
#.........@w..#
#.............#
#.............#
#.............+
#######............>#
........########....#
........#......#....#
........'......+.?..#
........#......#


You could see Gastronok (swift, drained).

Vanquished Creatures
  Pikel (D:5)
  A wyvern (D:6)
  5 yaks (D:7)
  Menkaure (D:5)
  2 water moccasins (D:6)
  Edmund (D:5)
  An orc warrior (D:6)
  Duvessa (D:6)
  An ice beast (D:5)
  An ogre (D:4)
  3 centaurs
  2 phantoms
  2 lemures (D:5)
  Blork the orc (D:4)
  2 bullfrogs
  3 scorpions
  3 kobold brigands
  6 necrophages
  Dowan (D:6)
  2 howler monkeys (D:7)
  2 gnoll boudas
  2 hounds (D:7)
  3 orc priests
  A jelly (D:4)
  5 iguanas
  Jessica (D:3)
  7 orc wizards
  Robin (D:4)
  18 gnolls
  9 adders
  2 shadow imps
  2 ufetubi
  3 worms
  5 dart slugs
  23 orcs
  3 bats
  9 endoplasms
  A giant cockroach (D:2)
  19 goblins
  12 hobgoblins
  4 jackals
  8 kobolds
  A quokka (D:3)
  4 ball pythons (D:2)
  3 frilled lizards
  4 rats
192 creatures vanquished.

Notes
Turn   | Place    | Note
-------+----------+-------------------------------------------
     0 | D:1      | Descartes the Formicid Earth Elementalist began the quest
                  | for the Orb.
     0 | D:1      | Reached XP level 1. HP: 13/13 MP: 3/3
   145 | D:1      | Reached XP level 2. HP: 19/19 MP: 1/5
   408 | D:1      | Reached skill level 1 in Armour
   408 | D:1      | Reached skill level 1 in Shields
   408 | D:1      | Reached XP level 3. HP: 24/24 MP: 2/6
   822 | D:1      | Found a faded altar of an unknown god.
  1217 | D:2      | Reached XP level 4. HP: 30/30 MP: 4/8
  1823 | D:1      | Reached XP level 5. HP: 23/35 MP: 0/9
  2252 | D:2      | Learned a level 3 spell: Stone Arrow
  2255 | D:2      | Learned a level 2 spell: Passwall
  2536 | D:2      | Reached skill level 5 in Earth Magic
  2536 | D:2      | Reached XP level 6. HP: 23/41 MP: 0/11
  3066 | D:3      | Noticed Jessica
  3071 | D:3      | Killed Jessica
  3176 | D:3      | Found a blossoming altar of Fedhas.
  3512 | D:3      | Found a radiant altar of Vehumet.
  3715 | D:4      | Learned a level 4 spell: Petrify
  3720 | D:4      | Found a glowing silver altar of Zin.
  3789 | D:4      | Reached XP level 7. HP: 44/46 MP: 6/12
  3857 | D:4      | Found an opulent altar of Gozag.
  3857 | D:4      | Found a sparkling altar of Nemelex Xobeh.
  3864 | D:4      | Became a worshipper of Gozag Ym Sagoz the Greedy
  3908 | D:4      | Noticed Blork the orc
  3917 | D:4      | Killed Blork the orc
  4396 | D:4      | Found a bloodstained altar of Trog.
  4438 | D:4      | Noticed Robin
  4470 | D:4      | Killed Robin
  4615 | D:4      | Reached skill level 5 in Shields
  4619 | D:4      | Reached XP level 8. HP: 39/52 MP: 3/14
  4945 | D:4      | Found a bloodstained altar of Trog.
  4959 | D:4      | Found a sparkling altar of Nemelex Xobeh.
  4960 | D:4      | Found an opulent altar of Gozag.
  5063 | D:4      | Found a glowing silver altar of Zin.
  5439 | D:5      | Entered Level 5 of the Dungeon
  5445 | D:5      | Reached skill level 5 in Spellcasting
  5532 | D:5      | Found a transporter.
  5542 | D:5      | Identified the +5 mace of Luxury {drain, rC+}
  5572 | D:5      | Found a transporter.
  5752 | D:5      | Noticed Edmund
  5765 | D:5      | HP: 2/52 [Edmund/+4 flail of protection (4)]
  5769 | D:5      | Killed Edmund
  5770 | D:5      | Reached skill level 5 in Armour
  6154 | D:5      | Noticed Pikel
  6249 | D:5      | Killed Pikel
  6250 | D:5      | Reached XP level 9. HP: 47/57 MP: 1/16
  6395 | D:5      | Identified the ring "Ulaynnubum" {rPois rF+++ Str+3 Dex-3
                  | SInv}
  6413 | D:5      | Noticed Menkaure
  6420 | D:5      | Killed Menkaure
  6631 | D:6      | Found a shadowy altar of Dithmenos.
  7634 | D:6      | Reached XP level 10. HP: 45/63 MP: 9/17
  8058 | D:6      | Noticed Duvessa
  8058 | D:6      | Noticed Dowan
  8072 | D:6      | Killed Duvessa
  8076 | D:6      | Killed Dowan
  8555 | D:7      | Reached skill level 10 in Earth Magic
  8560 | D:7      | Reached skill level 10 in Shields
  8814 | D:7      | Found a snail-covered altar of Cheibriados.
  8818 | D:7      | Found a shimmering blue altar of Sif Muna.
  8965 | D:7      | Found a staircase to the Ecumenical Temple.
  8976 | D:7      | Reached skill level 1 in Evocations
  9067 | Temple   | Entered the Ecumenical Temple
  9442 | D:8      | Noticed Gastronok
  9460 | D:8      | Killed from afar by Gastronok

Illustrated notes

Levels and vault maps discovered:
D:1:      psy_arrival_radial01, layout_rooms, shapermc_ecumenical_altar_petra,
          hangedman_decor_points, minivault_27
D:2:      layout_basic, minmay_fractal_squares_gapless_5
D:3:      layout_basic, lemuel_round_altar, fedhas_altar_fruit_tree,
          kennysheep_jessica_study
D:4:      layout_basic, grunt_temple_overflow_opulence, trog_book, zin_treasury,
          uniq_robin, uniq_blork_the_orc
D:5:      gammafunk_steamed_eel, layout_basic, uniq_edmund, uniq_pikel,
          uniq_menkaure
D:6:      minmay_spotlight, layout_basic, nicolae_dithmenos_shadow_blocks,
          uniq_duvessa
D:7:      layout_cave_pools, mainiacjoe_overflow_catwalk_spiral,
          minmay_temple_entry_hall, minmay_bent
D:8:      layout_gridville, uniq_gastronok
Temple:   nicolae_temple_ecumenical_triangle

Skill      XL: |  1  2  3  4  5  6  7  8  9 10 |
---------------+-------------------------------+-----
Earth Magic    | 4 5 6 8 9 10 | 10.0
Armour         | 1 2 3 4 6 7 9 |  9.4
Shields        | 1 2 3 4 5 7 9 10 | 10.0
Spellcasting   | 3 4 5 |  5.0
Evocations     | 3 |  3.0
Dodging        | |  1.7
Stealth        | |  2.4
Transmutations | |  1.1

Action                   |  1- 3 |  4- 6 |  7- 9 | 10-12 || total
-------------------------+-------+-------+-------+-------++-------
Melee: Mace              |       |       |     8 |     5 ||    13
 Cast: Sandblast         |    37 |    98 |   172 |    88 ||   395
       Stone Arrow       |       |       |    19 |    12 ||    31
Invok: Potion Petition   |       |       |     1 |     1 ||     2
 Abil: Dig               |       |     1 |     1 |     1 ||     3
  Use: Potion            |       |       |     1 |     1 ||     2
Armor: Robe              |     3 |     3 |    22 |    20 ||    48
       Ring mail         |       |    30 |     1 |       ||    31
Dodge: Dodged            |     7 |    46 |    49 |    25 ||   127
Block: Buckler           |     2 |    14 |    68 |    31 ||   115
       Reflection        |       |       |     1 |     9 ||    10
